Map: Protocole central

Players

Worming - Winner!

  • Race: Zerg Zerg
  • League: Diamond

MoltN

  • Race: Zerg Zerg
  • League: Diamond

VOD

Have the link to the VOD?

Description

Time

  • Played on: Nov. 13, 2015, 2:52 p.m.
  • Length: 16:16
Show
View Real Time Build Order
Export as new Build Order

Worming Zerg - Winner!

Build Orders: Pool First, Zergling Baneling 

Get SALT Encoding   

  12  0:01  Drone  
  13  0:09  Drone  
  14  0:19  Extractor  
  13  0:22  Drone  
  14  0:31  Spawning Pool  
  14  0:35  Drone  
  14  0:44  Overlord  
  14  0:55  Drone, Extractor  
  15  1:18  Zergling x6  
  18  1:21  Metabolic Boost  
  18  1:25  Queen  
  20  1:30  Zergling x2  
  21  1:40  Zergling x2  
  22  1:52  Overlord  
  22  1:56  Baneling Nest  
  21  2:07  Zergling x2  
  22  2:13  Zergling x2  
  23  2:23  Zergling x2  
  24  2:37  Zergling x4  
  24  2:38  Zergling x2  
  27  2:46  Zergling x2  
  27  2:55  Zergling x2  
  26  3:00  Baneling x2  
  26  3:01  Baneling x2, Zergling x2  
  26  3:18  Zergling x2  
  25  3:27  Baneling x2  
  25  3:28  Zergling x2  
  25  3:35  Zergling x2  
  22  3:57  Zergling x2  
  22  3:58  Zergling x2  
  21  4:05  Baneling x2  
  21  4:07  Zergling x6  
  24  4:12  Baneling x2  
  24  4:13  Hatchery  
  22  4:37  Zergling x2  
  22  4:38  Zergling x6  
  26  4:44  Zergling x4  
  26  4:45  Baneling x3  
  25  5:20  Drone x4  
  26  5:25  Queen  
  26  5:30  Baneling x2  
  26  5:31  Drone  
  26  5:35  Drone  
  28  5:37  Baneling  
  28  5:41  Overlord  
  28  5:54  Drone x2  
  30  5:59  Spine Crawler  
  29  6:09  Baneling  
  29  6:10  Overlord  
  29  6:17  Drone x4  
  33  6:27  Drone x3  
  36  6:33  Extractor  
  36  6:42  Drone x2  
  36  6:43  Drone x2, Extractor  
  39  6:50  Evolution Chamber  
  39  6:52  Evolution Chamber  
  39  6:54  Drone x2  
  38  7:01  Lair  
  39  7:17  Zerg Melee Weapons Level 1  
  39  7:18  Zerg Ground Armor Level 1  
  39  7:21  Drone x4  
  43  7:31  Drone x2  
  43  7:32  Drone  
  43  7:33  Drone  
  47  7:43  Drone x4  
  51  7:51  Overlord, Extractor x2  
  51  7:52  Drone, Overlord  
  51  7:53  Drone  
  51  8:11  Zergling x12  
  57  8:16  Drone  
  57  8:17  Drone, Spire  
  58  8:23  Zergling x6  
  58  8:24  Zergling x4  
  63  8:30  Baneling x2  
  63  8:31  Overlord x2  
  63  8:42  Zergling x4  
  63  8:45  Baneling x2  
  65  9:01  Zergling x2  
  65  9:02  Zergling x12  
  67  9:07  Baneling x2  
  66  9:10  Zergling x2  
  62  9:27  Zerg Melee Weapons Level 2, Zerg Ground Armor Level 2  
  62  9:31  Mutalisk x3  
  61  9:37  Mutalisk x3  
  73  9:45  Hatchery  
  67  9:51  Mutalisk  
  63  10:01  Zergling x10  
  68  10:11  Overlord  
  68  10:15  Zergling x10  
  68  10:16  Zergling x2  
  72  10:37  Mutalisk x2  
  72  10:38  Mutalisk x2  
  72  10:40  Zergling x8  
  81  10:48  Zergling x4  
  83  10:54  Mutalisk  
  82  10:58  Overlord x2  
  79  11:10  Zergling x6  
  77  11:16  Mutalisk  
  77  11:17  Mutalisk  
  80  11:20  Queen x2  
  80  11:25  Drone x2  
  86  11:39  Baneling x4  
  86  11:40  Baneling  
  86  11:45  Extractor  
  84  11:48  Extractor  
  84  11:49  Baneling x3, Zergling x2  
  84  11:50  Zergling x10  
  89  11:59  Zerg Flyer Weapons Level 1  
  89  12:03  Zergling x4  
  80  12:26  Mutalisk  
  80  12:27  Overlord, Mutalisk x5  
  92  12:35  Zergling x6  
  92  12:52  Mutalisk  
  92  12:53  Mutalisk x2  
  98  13:06  Drone x5  
  98  13:21  Zergling x2  
  98  13:22  Zergling x4  
  98  13:26  Drone x6  
  107  13:36  Infestation Pit  
  107  13:38  Drone x3  
  109  13:42  Zergling x2  
  109  13:43  Zergling x2  
  111  13:50  Baneling, Spine Crawler  
  96  14:30  Zergling x4  
  90  14:33  Zergling x12  
  90  14:35  Hive  
  90  14:38  Drone x3  
  99  14:39  Hatchery  
  98  14:48  Overseer, Pneumatized Carapace  
  96  15:01  Zergling x28  
  96  15:33  Zergling x2  
  97  15:37  Queen  
  99  15:45  Zergling x2  
  99  15:46  Zergling x12  
  99  15:48  Ultralisk Cavern  
  99  15:49  Overlord x3  
Show
View Real Time Build Order
Export as new Build Order

MoltN Zerg 

Build Orders: Hatch First 

Get SALT Encoding   

  12  0:01  Drone  
  13  0:12  Overlord  
  13  0:17  Drone  
  14  0:30  Drone x2  
  16  0:52  Hatchery  
  16  0:54  Drone  
  16  0:57  Drone  
  17  1:13  Spawning Pool  
  17  1:15  Drone  
  17  1:18  Extractor  
  17  1:20  Drone  
  17  1:24  Drone  
  18  1:32  Drone  
  19  1:40  Drone  
  20  1:49  Overlord  
  20  2:03  Drone  
  20  2:04  Queen  
  20  2:05  Zergling x2  
  20  2:08  Queen  
  26  2:13  Drone  
  27  2:18  Metabolic Boost  
  27  2:20  Drone  
  28  2:29  Extractor  
  26  2:32  Zergling x4  
  27  2:38  Zergling x4  
  28  2:49  Queen  
  27  3:01  Zergling x4  
  29  3:11  Zergling x6  
  32  3:13  Zergling x2  
  32  3:19  Zergling x4  
  26  3:35  Zergling x2  
  26  3:36  Zergling x6  
  23  3:58  Zergling x8  
  24  4:08  Zergling x2  
  25  4:24  Baneling Nest  
  21  4:44  Zergling x10  
  24  4:55  Zergling x2  
  24  4:56  Zergling x2  
  24  4:59  Drone  
  25  5:18  Queen  
  25  5:19  Drone  
  26  5:29  Drone x2  
  26  5:33  Baneling  
  28  5:50  Drone x3  
  28  5:55  Drone x2  
  33  6:01  Drone  
  34  6:06  Drone  
  34  6:09  Drone  
  36  6:14  Overlord  
  36  6:28  Overlord  
  36  6:34  Roach Warren  
  36  6:35  Drone x2  
  37  6:40  Drone x2  
  37  6:43  Drone  
  37  6:44  Drone  
  41  6:50  Zergling x2  
  41  6:51  Zergling x2  
  43  6:55  Baneling x3  
  43  6:59  Drone  
  45  7:01  Drone  
  45  7:06  Drone  
  46  7:16  Zergling x2  
  46  7:17  Drone  
  46  7:18  Roach x2  
  51  7:46  Hatchery  
  51  7:47  Ravager  
  51  7:50  Overlord x2  
  51  7:51  Lair  
  51  7:54  Extractor  
  51  7:57  Drone  
  51  8:01  Evolution Chamber  
  51  8:02  Evolution Chamber  
  51  8:03  Roach  
  51  8:12  Overlord  
  51  8:15  Ravager  
  51  8:19  Drone x4  
  56  8:25  Ravager  
  57  8:27  Roach  
  57  8:28  Roach x4  
  57  8:33  Zerg Missile Weapons Level 1  
  67  8:35  Drone  
  67  8:36  Drone  
  69  8:43  Drone x2  
  69  8:47  Zerg Ground Armor Level 1  
  69  9:07  Roach x4  
  69  9:08  Roach x3  
  81  9:23  Roach x2  
  82  9:27  Baneling  
  82  9:28  Baneling  
  82  9:32  Overlord x2  
  82  9:35  Extractor  
  81  9:44  Queen  
  82  9:51  Overlord  
  82  9:52  Overlord  
  82  9:55  Glial Reconstitution  
  82  10:00  Drone x5  
  82  10:05  Ravager x4  
  91  10:11  Drone  
  91  10:13  Drone  
  91  10:14  Drone, Spire  
  94  10:18  Drone  
  94  10:26  Infestation Pit  
  94  10:28  Zergling x14  
  99  10:33  Zergling x6  
  102  10:38  Zergling x4  
  102  10:41  Spore Crawler  
  103  10:45  Spore Crawler  
  103  10:46  Spore Crawler  
  99  10:50  Spore Crawler  
  84  11:08  Roach  
  84  11:09  Roach x7  
  79  11:14  Spore Crawler  
  79  11:16  Spore Crawler  
  70  11:22  Overlord  
  70  11:24  Pathogen Glands  
  69  11:27  Drone  
  70  11:39  Drone  
  70  11:46  Ravager x5  
  75  11:48  Infestor x2  
  75  11:49  Infestor x2  
  85  11:55  Drone  
  86  12:14  Drone x8  
  86  12:15  Drone x2  
  81  12:28  Hatchery  
  67  12:51  Infestor x4  
  59  12:52  Roach  
  59  12:53  Roach x2  
  66  13:00  Roach  
  66  13:03  Roach  
  67  13:34  Roach x7  
  67  13:35  Roach x2  
  67  13:36  Ravager x2  
  67  13:37  Ravager  
  67  13:39  Ravager  
  87  13:46  Roach  
  87  13:47  Roach  
  91  13:49  Roach  
  91  13:54  Roach x2  
  91  13:55  Roach  
  95  14:28  Extractor  
  94  14:38  Hydralisk Den  
  94  14:43  Overlord x5  
  94  14:44  Hatchery  
  92  14:52  Queen  
  84  15:03  Overseer  
  63  15:22  Roach x7  
  63  15:23  Roach x3  
  56  15:36  Hydralisk  
  56  15:37  Hydralisk  
  56  15:41  Hydralisk  
  62  15:46  Ravager  
  62  15:47  Ravager x3  
Tags
 
Add a new tag
Caveats
  • Supply blocks, unpowered buildings, or Contaminate may cause inaccurate times.
  • Supply counts are checked every 10 seconds.